 Dungeon Crawl Stone Soup version 0.31-a0-963-ga325b2283a (webtiles) character file.

Game seed: 11356486636520209525

7130 IdlyInterested the Blocker (level 10, -21/83 HPs)
             Began as a Demonspawn Fighter on Oct 24, 2023.
             Killed by the air
             ... invoked by Gastronok
              (36 damage)
             ... on level 9 of the Dungeon.
             The game lasted 00:46:47 (10958 turns).

IdlyInterested the Blocker (Demonspawn Fighter)    Turns: 10958, Time: 00:46:48

Health: -21/83     AC: 13    Str: 22    XL:     10   Next: 85%
Magic:  10/10      EV: 18    Int: 11    God:
Gold:   1404       SH: 18    Dex: 22    Spells: 9/9 levels left

rFire   . . .        R - +4 dagger (chaos)
rCold   . . .        p - +0 tower shield
rNeg    . . .        d - +1 swamp dragon scales
rPois   +            (helmet restricted)
rElec   .            O - +2 cloak
rCorr   .            (no gloves)
SInv    .            (no boots)
Will    .....        (no amulet)
Stlth   ++           w - +6 ring of strength
HPRegen 0.33/turn    D - +6 ring of dexterity
MPRegen 0.12/turn

%: no passive effects
@: agile, slowed, very slow
A: horns 2, foul stench 1, powered by pain 2
a: no special abilities


You were on level 9 of the Dungeon.
You visited 2 branches of the dungeon, and saw 10 of its levels.

You collected 2835 gold pieces.
You spent 1431 gold pieces at shops.

Inventory:

Hand Weapons
 a - a +0 morningstar of flaming
 c - a +1 scimitar of flaming
 o - a +2 trident of pain
 x - a +0 short sword of venom
 z - a +1 dagger of flaming
 L - a +1 hand axe of electrocution
 P - a +1 hand axe of freezing
 Q - a +1 whip of electrocution
 R - a +4 dagger of chaos (weapon)
 T - a +3 long sword
Missiles
 h - 40 stones (quivered)
 i - 4 throwing nets
 s - a curare-tipped dart
 u - 19 poisoned darts
 y - 9 darts of dispersal
 K - 7 boomerangs
 N - 4 javelins
Armour
 b - a +0 buckler
 d - +1 swamp dragon scales (worn)
 p - a +0 tower shield (worn)
 O - a +2 cloak (worn)
Magical Staves
 e - a staff of air
 U - a staff of earth
Jewellery
 w - a +6 ring of strength (left hand)
 A - a ring of resist corrosion
 D - a +6 ring of dexterity (right hand)
 F - a ring of willpower
 H - the ring "Varunecs" {Ice *Corrode Fly Dex+2}
   (You bought it in a shop on level 2 of the Dungeon)

   [ring of ice]

   Ice:       It enhances your ice magic.
   Dex+2:     It affects your dexterity (+2).
   rF-:       It makes you vulnerable to fire.
   rC+:       It protects you from cold.
   Fly:       It grants you flight.
   *Corrode:  It may corrode you when you take damage.
 I - a ring of poison resistance
 J - a ring of ice
 M - a +4 ring of protection
 X - a +4 ring of protection
Talismans
 v - a maw talisman
 G - a flux talisman
Wands
 f - a wand of flame (22)
 E - a wand of roots (8)
Scrolls
 k - a scroll of blinking
 l - a scroll of silence
 m - 2 scrolls of amnesia
 q - 2 scrolls of enchant weapon
 B - 4 scrolls of teleportation
 C - a scroll of brand weapon
 S - a scroll of poison
 V - a scroll of revelation
Potions
 g - a potion of attraction
 j - 5 potions of curing
 n - 2 potions of mutation
 r - 2 potions of lignification
 t - 2 potions of invisibility
 W - a potion of enlightenment {unknown}


   Skills:
 - Level 9.0 Fighting
 - Level 3.0 Throwing
 - Level 6.0 Armour
 - Level 6.0 Dodging
 + Level 2.6 Stealth
 * Level 9.9 Shields
 - Level 2.0 Unarmed Combat
 - Level 2.0 Evocations


You had 9 spell levels left.
You didn't know any spells.
Your spell library contained the following spells:

 Spells                   Type           Power      Damage    Failure   Level
 Apportation              Tloc           0%         N/A       91%         1
 Magic Dart               Conj           0%         1d3       91%         1
 Shock                    Conj/Air       0%         1d3       91%         1
 Blink                    Tloc           0%         N/A       97%         2
 Call Imp                 Summ           0%         N/A       97%         2
 Jinxbite                 Hex            0%         N/A       97%         2
 Mephitic Cloud           Conj/Pois/Air  0%         N/A       99%         3
 Swiftness                Air            0%         N/A       99%         3
 Airstrike                Air            0%         2d(0-16)  100%        4
 Manifold Assault         Tloc           0%         N/A       100%        4
 Alistair's Intoxication  Tmut/Pois      0%         N/A       100%        5


Dungeon Overview and Level Annotations

Branches:
Dungeon (9/15)             Temple (1/1) D:4
   Lair: D:8-11         Orc: D:9-12

Altars:
Ashenzari
Cheibriados
Dithmenos
Fedhas
Gozag
Hepliaklqana
Kikubaaqudgha
Makhleb
Nemelex Xobeh
Okawaru
Qazlal
Ru
Sif Muna
Trog
Wu Jian
Xom
Yredelemnul

Shops:
D:2 =   D:8 [

Portals:
Abyss: D:3

Annotations:
D:9 Gastronok


Innate Abilities, Weirdness & Mutations

You have a pair of horns on your head.
You may rarely emit foul miasma when damaged in melee.
You sometimes gain power by taking damage.


Message History

You puncture Gastronok!
Gastronok is poisoned.
You headbutt Gastronok!
Gastronok is moderately wounded.
Gastronok struggles against the net.
You catch the helpless Gastronok completely off-guard!
You puncture Gastronok! You freeze Gastronok.
Gastronok is moderately wounded.
Gastronok struggles against the net.
You hit Gastronok.
Gastronok is heavily wounded.
Gastronok struggles against the net.
You hit Gastronok.
Gastronok seems to speed up.
You headbutt Gastronok.
Gastronok is heavily wounded.
Gastronok struggles against the net. x2
The net rips apart, and Gastronok comes free!
You hit Gastronok.
Nothing appears to happen.
You headbutt Gastronok.
Gastronok is heavily wounded.
You block Gastronok's attack.
Throw: 10 darts (disperse)
Press: ? - help, Shift-Dir - straight line, f/p - Gastronok
Aim: Gastronok, wearing a +0 hat of see invisible (heavily wounded, berserk, fast, unusually resistant, very poisoned, 94% to hit)
You throw a dart of dispersal. The dart of dispersal hits Gastronok!
Gastronok blinks!
Gastronok is heavily wounded.
Gastronok is no longer berserk.
Gastronok casts a spell.
You feel better.
Aiming: Fastroot
Press: ? - help, Shift-Dir - straight line, p - Gastronok The roots erupt in riotous growth!
Roots grab the river rat.
Roots grab Gastronok.
Roots grab the quokka.
The grasping roots constrict Gastronok!
The grasping roots constrict the river rat.
The grasping roots constrict the quokka!
You kill the quokka!
The quokka's corpse disappears in a puff of smoke!
The river rat struggles to escape constriction.
Gastronok waves his eye-stalks in wide circles.
The air twists around and strikes you!!!
You die...
Gastronok gurgles, "Time to dig in!"

.# .##. ...
..## ###...
####...####.
#...........
#...<.......
#.()@)......
#..).)..w...
#.....r.ยง...
#.......r...
#########.#.
.# #


You could see Gastronok (fast, resistant, poisoned, slow, rooted) and 2 river
rats.

Vanquished Creatures
  Erica (D:8)
  Maggie (D:6)
  Psyche (D:8)
  3 kobold demonologists (D:6)
  An ancient zyme (D:3)
  Sigmund (D:2)
  3 yaks (D:8)
  A wyvern (D:8)
  Grum (D:8)
  Edmund (D:6)
  Duvessa (D:7)
  2 water moccasins
  An orc warrior (D:7)
  An ice beast (D:5)
  2 ogres
  3 wolves (D:8)
  2 small abominations (D:3)
  3 kobold brigands
  The ghost of Zonian the Magician, an amateur DEHW of Lugonu (D:3)
  A gnoll sergeant (D:7)
  4 scorpions
  10 wights (D:6)
  Dowan (D:7)
  6 killer bees
  2 electric eels (D:6)
  2 howler monkeys
  3 orc priests
  3 gnoll boudas
  6 hounds
  2 jellies
  3 iguanas
  Jessica (D:2)
  Ijyb (D:5)
  2 sleepcaps (D:6)
  3 orc wizards
  25 gnolls
  11 adders
  A white imp (D:4)
  A worm (D:4)
  2 dart slugs
  18 orcs
  6 endoplasms
  7 giant cockroaches
  48 goblins
  25 hobgoblins
  4 quokkas
  5 ball pythons
  4 bats
  3 frilled lizards (D:1)
  23 kobolds
  6 rats
269 creatures vanquished.

Vanquished Creatures (others)
  A wolf (D:8)
  An orc wizard (D:7)
2 creatures vanquished.

Grand Total: 271 creatures vanquished

Notes
Turn   | Place    | Note
-------+----------+-------------------------------------------
     0 | D:1      | IdlyInterested the Demonspawn Fighter began the quest for
                  | the Orb.
     0 | D:1      | Reached XP level 1. HP: 18/18 MP: 1/1
   123 | D:1      | Found a faded altar of an unknown god.
   133 | D:1      | Gained mutation: You sometimes gain a little power by
                  | taking damage. [demonic ancestry]
   133 | D:1      | Reached XP level 2. HP: 24/24 MP: 2/2
   525 | D:1      | Reached skill level 1 in Throwing
   754 | D:2      | Noticed Sigmund
   776 | D:2      | HP: 1/24 [something (10)]
   779 | D:2      | Reached skill level 1 in Dodging
   779 | D:2      | Gained mutation: You have a pair of small horns on your
                  | head. [demonic ancestry]
   779 | D:2      | Reached XP level 3. HP: 11/29 MP: 3/3
   786 | D:2      | Killed Sigmund
   787 | D:2      | Reached skill level 1 in Stealth
   787 | D:2      | Reached skill level 1 in Evocations
   787 | D:2      | Gained mutation: You have a pair of horns on your head.
                  | [demonic ancestry]
   787 | D:2      | Reached XP level 4. HP: 30/35 MP: 4/4
   787 | D:2      | Reached XP level 5. HP: 36/41 MP: 5/5
   810 | D:2      | Found Peblohur's Jewellery Boutique.
   890 | D:2      | Noticed Jessica
   899 | D:2      | Killed Jessica
  2050 | D:3      | Found a transporter.
  2073 | D:3      | Reached skill level 5 in Shields
  2073 | D:3      | Gained mutation: You may rarely emit foul miasma when
                  | damaged in melee. [demonic ancestry]
  2073 | D:3      | Reached XP level 6. HP: 45/47 MP: 6/6
  2129 | D:3      | HP: 2/47 [poisoned by an adder]
  2368 | D:3      | Noticed Zonian's ghost (amateur DEHW)
  2423 | D:3      | Found a one-way gate to the infinite horrors of the Abyss.
  2445 | D:3      | Found a transporter.
  3720 | D:4      | Identified a scroll of acquirement
  3720 | D:4      | Acquired 1056 gold pieces
  3752 | D:4      | Reached XP level 7. HP: 11/55 MP: 7/7
  3868 | D:2      | Bought the ring "Varunecs" {Ice *Corrode Fly Dex+2} for 392
                  | gold pieces
  3868 | D:2      | Bought a ring of poison resistance for 240 gold pieces
  3868 | D:2      | Bought a ring of ice for 300 gold pieces
  3960 | D:3      | Noticed an ancient zyme
  4011 | D:3      | Reached skill level 5 in Fighting
  4018 | D:3      | Killed an ancient zyme
  4022 | D:3      | Killed Zonian's ghost
  4023 | D:3      | Reached XP level 8. HP: 58/62 MP: 8/8
  4065 | D:4      | Found a staircase to the Ecumenical Temple.
  4086 | Temple   | Entered the Ecumenical Temple
  4880 | D:2      | Bought a +4 ring of protection for 432 gold pieces
  5183 | D:5      | Entered Level 5 of the Dungeon
  5528 | D:5      | HP: 3/64 [poisoned by a scorpion]
  5832 | D:5      | Noticed Ijyb
  5866 | D:5      | Killed Ijyb
  6441 | D:6      | Identified the "Hacwiam"
  6441 | D:6      | Noticed Maggie
  6466 | D:6      | Killed Maggie
  6467 | D:6      | Reached XP level 9. HP: 24/72 MP: 9/9
  6709 | D:6      | Noticed Edmund
  6738 | D:6      | Killed Edmund
  6739 | D:6      | Reached skill level 5 in Armour
  6905 | D:6      | Noticed a kobold demonologist
  6905 | D:6      | Noticed a kobold demonologist
  6929 | D:6      | Noticed a rust devil
  6930 | D:6      | Killed a kobold demonologist
  6991 | D:6      | Noticed a kobold demonologist
  6998 | D:6      | Killed a kobold demonologist
  6999 | D:6      | Reached skill level 5 in Dodging
  7001 | D:6      | Noticed a soul eater
  7006 | D:6      | Killed a kobold demonologist
  7234 | D:6      | Found a bloodstained altar of Trog.
  7326 | D:6      | HP: 3/74 [electric eel/bolt of electricity (12)]
  7679 | D:6      | Gained mutation: You sometimes gain power by taking damage.
                  | [demonic ancestry]
  7679 | D:6      | Reached XP level 10. HP: 45/79 MP: 10/10
  8871 | D:7      | Noticed Duvessa
  8871 | D:7      | Noticed Dowan
  8905 | D:7      | Killed Duvessa
  8928 | D:7      | Killed Dowan
  9496 | D:7      | Acquired 1211 gold pieces
  9974 | D:8      | Noticed Erica
  9985 | D:8      | Killed Erica
 10181 | D:8      | Found Dycw's Armour Shop.
 10187 | D:8      | Bought a +0 tower shield for 67 gold pieces
 10446 | D:8      | Noticed Psyche
 10463 | D:8      | Killed Psyche
 10474 | D:8      | Noticed Grum
 10480 | D:8      | Killed Grum
 10655 | D:8      | Found an opulent altar of Gozag.
 10922 | D:9      | Noticed Gastronok
 10947 | D:9      | HP: 4/83 [Gastronok (31)]
 10958 | D:9      | Killed from afar by Gastronok

Illustrated notes

Levels and vault maps discovered:
D:1:      giann_wishing_wells, layout_basic, shapermc_ecumenical_altar_acropolis
D:2:      layout_rooms, serial_shops, nicolae_shop_tiny_glass, uniq_jessica,
          uniq_sigmund
D:3:      minmay_goblin_kobold_castle, layout_basic,
          mainiacjoe_overflow_alcove_1, gammafunk_ghost_abyssal_escape,
          minmay_splitting_lines, dreamdust_wishing_well, nicolae_half_adder
D:4:      layout_basic, minmay_temple_entry_sparse_star, minmay_divided_ellipse
D:5:      layout_basic, kennysheep_cross_bottleneck, uniq_ijyb
D:6:      layout_layer_cave, trog_book, serial_bayou_lagoon_b, uniq_maggie,
          uniq_edmund
D:7:      layout_basic, uniq_duvessa
D:8:      layout_rooms, general_overflow_altar, serial_shops,
          kennysheep_little_box, uniq_grum, uniq_psyche, uniq_erica
D:9:      layout_basic, uniq_gastronok
Temple:   minmay_temple_bridge_d

Skill      XL: |  1  2  3  4  5  6  7  8  9 10 |
---------------+-------------------------------+-----
Unarmed Combat | 2 |  2.0
Armour         | 3 4 5 6 |  6.0
Shields        | 3 4 5 6 7 8 9 |  9.9
Throwing       | 1 2 3 |  3.0
Dodging        | 1 2 3 4 5 6 |  6.0
Stealth        | 1 2 |  2.6
Evocations     | 1 2 |  2.0
Fighting       | 4 5 7 8 9 |  9.0

Action                     |  1- 3 |  4- 6 |  7- 9 | 10-12 || total
---------------------------+-------+-------+-------+-------++-------
  Melee: Unarmed           |    92 |    46 |       |       ||   138
         Headbutt          |     1 |    43 |    63 |    72 ||   179
         Falchion          |       |   105 |       |       ||   105
         Dagger            |       |   130 |    20 |    57 ||   207
         Short sword       |       |       |   212 |    44 ||   256
         Morningstar       |       |       |    60 |       ||    60
         Whip              |       |       |    34 |   128 ||   162
         Trident           |       |       |       |    23 ||    23
  Throw: Stone             |       |     8 |    33 |    10 ||    51
         Javelin           |       |       |       |     6 ||     6
         Dart              |       |       |       |     3 ||     3
         Throwing net      |       |       |       |     1 ||     1
  Evoke: Wand              |       |       |       |     1 ||     1
    Use: Potion            |     5 |     2 |     4 |     3 ||    14
         Scroll            |       |     7 |     7 |     5 ||    19
   Stab: Invisible         |       |       |     3 |       ||     3
         Sleeping          |       |       |     1 |     3 ||     4
         Petrified         |       |       |       |     2 ||     2
         Held in net/web   |       |       |       |     1 ||     1
 Armour: Scale mail        |   107 |   245 |    88 |       ||   440
         Ring mail         |       |       |    21 |       ||    21
         Swamp dragon scal |       |       |    91 |   116 ||   207
  Dodge: Dodged            |    53 |   181 |   160 |   132 ||   526
  Block: Buckler           |    19 |   101 |   107 |    45 ||   272
         Tower shield      |       |       |       |   137 ||   137

Table legend: (Time is in decaauts)
 A = Elapsed time spent in this place.
 B = Non-inter-level travel time spent in this place.
 C = Inter-level travel time spent in this place.
 D = Time resting spent in this place.
 E = Time spent auto-exploring this place.
 F = Levels seen in this place.
 G = Mean time per level.
                   A        B        C        D        E       F      G
               +--------+--------+--------+--------+--------+-----+--------+
         Total |  11102 |   9823 |   1279 |   2683 |   4181 |  10 | 1110.2 |
       Dungeon |  11100 |   9821 |   1279 |   2683 |   4181 |   9 | 1233.3 |
        Temple |      1 |      1 |      0 |      0 |      0 |   1 |    1.0 |
               +--------+--------+--------+--------+--------+-----+--------+

Top non-repeatable levels by time:
     D:3: 2369 daAuts
     D:6: 2048 daAuts
     D:5: 1383 daAuts
     D:7: 1179 daAuts
     D:8: 1109 daAuts
     D:2: 1027 daAuts
     D:1: 974 daAuts
     D:4: 955 daAuts
     D:9: 53 daAuts
  Temple: 1 daAuts
